 Dungeon Crawl Stone Soup version 0.30-a0-737-gf23d94013f (webtiles) character file.

Game seed: 2898648334434656345

8695 demibob the Severer (level 11, -11/82 HPs)
             Began as a Hill Orc Fighter on Feb 1, 2023.
             Was a High Priest of Kikubaaqudgha.
             Mangled by Snorg (15 damage)
             ... on level 10 of the Dungeon.
             The game lasted 00:18:23 (9200 turns).

demibob the Severer (Hill Orc Fighter)              Turns: 9200, Time: 00:18:24

Health: -11/82     AC: 11    Str: 20    XL:     11   Next: 34%
Magic:  15/15      EV:  9    Int: 12    God:    Kikubaaqudgha [*****.]
Gold:   283        SH:  5    Dex: 16    Spells: 6/15 levels left

rFire   . . .      SeeInvis .    a - +1 war axe (elec)
rCold   . . .      Faith    .    (no shield)
rNeg    + . .      Spirit   .    b - +0 scale mail
rPois   +          Reflect  +    (no helmet)
rElec   .          Harm     .    x - +0 cloak
rCorr   .          Rampage  .    m - +1 pair of gloves
Will    +....                    f - +0 pair of boots Stlth
                                 g - amulet of reflection
HPRegen 0.33/turn                G - ring of Surprise {rPois rN+ Will+ Dex+6 Stlth-}
MPRegen 0.14/turn                Z - ring of wizardry

@: hasted, very quick
A: no striking features
a: Renounce Religion, Unearth Wretches, Torment


You were on level 10 of the Dungeon.
You worshipped Kikubaaqudgha.
Kikubaaqudgha was extremely pleased with you.
You visited 1 branch of the dungeon, and saw 10 of its levels.
You also visited: Sewer and Ossuary.

You collected 658 gold pieces.
You spent 375 gold pieces at shops.


   Skills:
 - Level 3.6 Fighting
 - Level 16.7 Axes
 + Level 3.5 Armour
 - Level 3.2 Shields
 - Level 2.6 Spellcasting
 + Level 10.7 Necromancy


You had 6 spell levels left.
You knew the following spells:

 Your Spells              Type           Power      Damage    Failure   Level
a - Animate Dead          Necr           27%        N/A       3%          4
y - Agony                 Necr           27%        N/A       10%         5

Your spell library contained the following spells:

 Spells                   Type           Power      Damage    Failure   Level
 Necrotise                Necr           100%       1d9       1%          1
 Sublimation of Blood     Necr           27%        N/A       1%          2
 Vampiric Draining        Necr           27%        2d7       1%          3
 Cigotuvi's Dreadful Rot  Necr/Pois/Air  20%        N/A       10%         2
 Foxfire                  Conj/Fire      4%         2x1d4     26%         1
 Anguish                  Hex/Necr       7%         N/A       30%         4
 Death Channel            Necr           13%        N/A       45%         6
 Borgnjor's Vile Clutch   Necr/Erth      7%         N/A       61%         5
 Fireball                 Conj/Fire      0%         3d3       99%         5
 Summon Forest            Summ/Tloc      0%         N/A       99%         5
 Summon Mana Viper        Hex/Summ       1%         N/A       99%         5
 Starburst                Conj/Fire      0%         6d3       100%        6
 Summon Cactus Giant      Summ           0%         N/A       100%        6
 Haunt                    Necr/Summ      7%         N/A       100%        7
 Infestation              Necr           13%        N/A       100%        8

Inventory:

Hand Weapons
 a - a +1 war axe of electrocution (weapon)
 v - a +0 war axe
Missiles
 j - 6 curare-tipped darts {=f}
Armour
 b - a +0 scale mail (worn)
 f - a +0 pair of boots (worn)
 m - a +1 pair of gloves (worn)
 x - a +0 cloak (worn)
Magical Staves
 H - a staff of fire {!a}
Jewellery
 g - an amulet of reflection (around neck)
 y - an amulet of regeneration
 C - a ring of ice
 F - a ring of protection from fire
 G - the ring of Surprise (left hand) {rPois rN+ Will+ Dex+6 Stlth-}
   (You acquired it on level 8 of the Dungeon)

   [ring of dexterity]

   Dex:       It affects your dexterity (+6).
   rPois:     It protects you from poison.
   rN:        It protects you from negative energy.
   Will:      It increases your willpower.
   Stlth:     It makes you less stealthy.
 L - a ring of flight
 N - a ring of positive energy
 Z - a ring of wizardry (right hand)
Wands
 i - a wand of iceblast (10)
 p - a wand of paralysis (2)
Scrolls
 d - a scroll of enchant weapon
 e - 3 scrolls of immolation
 o - 3 scrolls of enchant armour
 t - a scroll of brand weapon
 w - a scroll of amnesia
 A - a scroll of magic mapping
 B - a scroll of fear
 E - a scroll of identify {@r1}
Potions
 c - 2 potions of haste {@q3}
 h - a potion of berserk rage {unknown}
 k - 5 potions of brilliance
 l - 6 potions of flight
 n - 2 potions of mutation
 q - 2 potions of attraction
 r - 3 potions of invisibility
 u - 2 potions of ambrosia {unknown}
 z - 2 potions of resistance
 D - a potion of magic

Dungeon Overview and Level Annotations

Branches:
Dungeon (10/15)            Temple (0/1) D:4            Lair (0/5) D:8
    Orc (0/2) D:9           Sewer (visited)         Ossuary (visited)

Altars:
Ashenzari
Cheibriados
Dithmenos
Elyvilon
Gozag
Hepliaklqana
Kikubaaqudgha
Makhleb
Okawaru
Qazlal
Ru
Trog
Uskayaw
The Shining One
Beogh

Shops:
D:2 =   D:7 !   D:8 *

Annotations:
D:10 7 runed translucent doors, PyroL's ghost, journeyman TrFi; Snorg

##.Z. ............#
#### .............# #
.....).......# #
.............#
.............#
.............#########
.....................#
.......T@............#
######Z###..........#
#Z##...>.......#
#.#.)).).......#
#.#..#...).....#
#.#ZZ#.......###
#..Z##.#.#...#
#....#.......#
#....#...#...###


You could see Snorg (berserk, ally target), a friendly orc warrior zombie and a
friendly orc priest zombie.


Message History

Your orc warrior zombie hits Snorg.
You hit Snorg.
Snorg is heavily wounded.
Snorg goes berserk!
You slash Snorg! Lightning courses through Snorg!
Snorg is heavily wounded.
Snorg bites you!! Snorg claws you!
* * * LOW HITPOINT WARNING * * *
Snorg claws you but does no damage.
Your orc warrior zombie hits Snorg.
You hit Snorg.
Snorg is severely wounded.
You block Snorg's attack. Snorg claws you!
* * * LOW HITPOINT WARNING * * *
Snorg claws you!
* * * LOW HITPOINT WARNING * * *
Okay, then.
You feel much better. Snorg bites you but does no damage.
Snorg closely misses you. Snorg claws you!
* * * LOW HITPOINT WARNING * * *
Your orc warrior zombie hits Snorg.
Okay, then.
You feel yourself speed up. Snorg bites you.
* * * LOW HITPOINT WARNING * * *
Snorg claws you but does no damage. Snorg claws you!
* * * LOW HITPOINT WARNING * * *
Your orc warrior zombie hits Snorg.
Snorg bites you!
* * * LOW HITPOINT WARNING * * *
Snorg claws you!
You die...
Kikubaaqudgha rasps: "You have failed me!
Welcome... death!"

Skill      XL: |  1  2  3  4  5  6  7  8  9 10 |
---------------+-------------------------------+-----
Axes           | 3 4 5 7 8 9 10 12 14 16 | 16.7
Necromancy     | 1 4 6 7 10 | 10.7
Spellcasting   | 2 |  2.6
Fighting       | |  3.6
Armour         | |  3.5
Shields        | |  3.2

Action                     |  1- 3 |  4- 6 |  7- 9 | 10-12 || total
---------------------------+-------+-------+-------+-------++-------
  Melee: War axe           |    85 |   147 |   258 |   259 ||   749
         Punch             |     1 |     1 |     2 |     5 ||     9
   Cast: Animate Dead      |       |       |       |     3 ||     3
  Evoke: Wand              |       |       |       |     3 ||     3
    Use: Scroll            |     5 |     4 |    11 |     8 ||    28
         Potion            |       |       |     5 |     7 ||    12
 Armour: Scale mail        |    55 |    72 |   131 |    78 ||   336
  Dodge: Dodged            |    44 |    71 |   112 |    77 ||   304
  Block: Other             |       |       |       |    17 ||    17
         Reflection        |       |       |       |     1 ||     1

Levels and vault maps discovered:
D:1:      minmay_arrival_stair_chambers, layout_loops_corners,
          shapermc_ecumenical_altar_notcrosses
D:2:      layout_basic, serial_shops, nicolae_shop_statue_plus
D:3:      layout_loops_cross, mainiacjoe_overflow_24_doors,
          nicolae_hepliaklqana_monster_ancestors
D:4:      layout_loops_ring, eat_drink_and_be_merry_uskayaw,
          mainiacjoe_overflow_paths, minmay_temple_entry_junction_2
D:5:      layout_basic, pf_just_have_faith, gammafunk_temple_overflow_claw,
          uniq_sigmund
D:6:      layout_basic, evilmike_ruin_ashenzari, cheibrodos_sewer_entry_drain,
          minmay_alternating_orb
D:7:      layout_loops_ring, nicolae_ossuary_entry_monument, serial_shops,
          nicolae_stop_n_shop_1
D:8:      layout_cave_pools, nicolae_qazlal_style_of_elements,
          cheibrodos_worm_habitat, david_lair_shrubbed, nicolae_evil_shop
D:9:      layout_roguey, tso_oasis_becter, grunt_dithmenos_smoke_and_mirrors,
          david_orc_5, hive_lemuel
D:10:     lemuel_bear_cage, layout_basic, mainiacjoe_overflow_big_doors,
          ebering_ghost_gozag, hangedman_decor_lopped, uniq_fannar, uniq_snorg

Notes
Turn   | Place    | Note
-------+----------+-------------------------------------------
     0 | D:1      | demibob the Hill Orc Fighter began the quest for the Orb.
     0 | D:1      | Reached XP level 1. HP: 19/19 MP: 1/1
    54 | D:1      | Reached skill level 3 in Axes
   229 | D:1      | Found a faded altar of an unknown god.
   232 | D:1      | Reached XP level 2. HP: 26/26 MP: 2/2
   243 | D:1      | Prayed at the altar of an unknown god.
   243 | D:1      | Became a worshipper of Kikubaaqudgha
   243 | D:1      | Reached * piety under Kikubaaqudgha
   243 | D:1      | Received a gift from Kikubaaqudgha
   266 | D:1      | Reached skill level 4 in Axes
   595 | D:1      | Reached XP level 3. HP: 28/31 MP: 3/3
   765 | D:1      | Reached skill level 5 in Axes
   797 | D:1      | Reached ** piety under Kikubaaqudgha
  1123 | D:2      | Reached XP level 4. HP: 20/39 MP: 4/4
  1136 | D:2      | Reached skill level 6 in Axes
  1553 | D:2      | Found Qaapimex's Jewellery Shoppe.
  1793 | D:3      | Noticed a phantom
  1804 | D:3      | Killed a phantom
  1805 | D:3      | Reached skill level 7 in Axes
  1805 | D:3      | Reached XP level 5. HP: 40/45 MP: 5/5
  1965 | D:3      | Found a sacrificial altar of Ru.
  2251 | D:3      | Found a hazy altar of Hepliaklqana.
  2534 | D:4      | Reached skill level 8 in Axes
  2537 | D:4      | Reached XP level 6. HP: 51/51 MP: 6/6
  2644 | D:4      | Reached skill level 9 in Axes
  2645 | D:4      | Reached *** piety under Kikubaaqudgha
  2645 | D:4      | Received a gift from Kikubaaqudgha
  2777 | D:4      | Reached skill level 1 in Necromancy
  2821 | D:4      | Found a hide-covered altar of Uskayaw.
  2872 | D:4      | Reached XP level 7. HP: 57/57 MP: 7/7
  2884 | D:4      | Found a staircase to the Ecumenical Temple.
  2894 | D:4      | Reached skill level 2 in Necromancy
  3045 | D:4      | Found a white marble altar of Elyvilon.
  3601 | D:5      | Entered Level 5 of the Dungeon
  3629 | D:5      | Reached skill level 3 in Necromancy
  3643 | D:5      | Reached skill level 10 in Axes
  3871 | D:5      | Found a burning altar of Makhleb.
  3889 | D:5      | Reached skill level 4 in Necromancy
  3889 | D:5      | Reached XP level 8. HP: 64/64 MP: 8/8
  3905 | D:5      | Noticed Sigmund
  3917 | D:5      | Killed Sigmund
  3918 | D:5      | Reached skill level 11 in Axes
  4073 | D:5      | Reached skill level 5 in Necromancy
  4315 | D:5      | Found an iron altar of Okawaru.
  4315 | D:5      | Found a bloodstained altar of Trog.
  4316 | D:5      | Found an ancient bone altar of Kikubaaqudgha.
  4444 | D:6      | Found a broken altar of Ashenzari.
  4452 | D:6      | Found a glowing drain.
  4468 | Sewer    | Entered a sewer
  4471 | Sewer    | Noticed Pargi
  4475 | Sewer    | Killed Pargi
  4605 | D:6      | Reached skill level 12 in Axes
  4605 | D:6      | Reached skill level 6 in Necromancy
  4635 | D:6      | Reached **** piety under Kikubaaqudgha
  4636 | D:6      | Reached XP level 9. HP: 59/70 MP: 9/9
  4641 | D:6      | Learned a level 4 spell: Animate Dead
  4882 | D:6      | Reached skill level 7 in Necromancy
  4892 | D:6      | Reached skill level 13 in Axes
  5986 | D:7      | Found Gyrum's Distillery.
  5989 | D:7      | Bought a potion of resistance for 150 gold pieces
  5989 | D:7      | Bought a potion of heal wounds for 75 gold pieces
  5989 | D:7      | Bought a potion of haste for 150 gold pieces
  6107 | D:7      | Found a sand-covered staircase.
  6123 | Ossuary  | Entered an ossuary
  6143 | Ossuary  | Reached skill level 1 in Spellcasting
  6217 | Ossuary  | Reached skill level 14 in Axes
  6217 | Ossuary  | Reached skill level 2 in Spellcasting
  6254 | Ossuary  | Reached XP level 10. HP: 73/77 MP: 13/13
  6520 | D:7      | Reached skill level 8 in Necromancy
  6938 | D:8      | Found a staircase to the Lair.
  6997 | D:8      | Found a stormy altar of Qazlal.
  7048 | D:8      | Found a snail-covered altar of Cheibriados.
  7118 | D:8      | Noticed a two-headed ogre
  7125 | D:8      | Reached ***** piety under Kikubaaqudgha
  7335 | D:8      | Found Zunaseoj's Wicked Wares.
  7382 | D:8      | Reached skill level 15 in Axes
  7385 | D:8      | Killed a two-headed ogre
  7386 | D:8      | Reached skill level 9 in Necromancy
  7554 | D:8      | Noticed a two-headed ogre
  7564 | D:8      | Killed a two-headed ogre
  7614 | D:8      | Identified a scroll of acquirement
  7614 | D:8      | Acquired the ring of Surprise {rPois rN+ Will+ Dex+6
                  | Stlth-}
  7666 | D:9      | Found a shadowy altar of Dithmenos.
  7946 | D:9      | Reached skill level 16 in Axes
  8091 | D:9      | Noticed a kobold demonologist
  8100 | D:9      | Killed a kobold demonologist
  8101 | D:9      | Reached skill level 10 in Necromancy
  8101 | D:9      | Reached XP level 11. HP: 80/82 MP: 15/15
  8399 | D:9      | Found a roughly hewn altar of Beogh.
  8399 | D:9      | Found a staircase to the Orcish Mines.
  8618 | D:9      | Found a glowing golden altar of the Shining One.
  8646 | D:10     | Entered Level 10 of the Dungeon
  8813 | D:10     | Found a huge runed translucent gate.
  8813 | D:10     | Found a huge runed translucent gate.
  8813 | D:10     | Found a huge runed translucent gate.
  8814 | D:10     | Found a huge runed translucent gate.
  8814 | D:10     | Noticed a death yak
  8815 | D:10     | Noticed a manticore
  8851 | D:10     | Found a runed translucent gate.
  8851 | D:10     | Found a runed translucent gate.
  8851 | D:10     | Found a runed translucent gate.
  8853 | D:10     | Found an opulent altar of Gozag.
  8853 | D:10     | Noticed a four-headed hydra
  8854 | D:10     | Noticed a skeletal warrior
  8854 | D:10     | Noticed PyroL's ghost (journeyman TrFi)
  8903 | D:10     | Noticed Fannar
  8915 | D:10     | Killed Fannar
  9082 | D:10     | Learned a level 5 spell: Agony
  9187 | D:10     | Noticed Snorg
  9200 | D:10     | HP: 4/82 [Snorg (12)]
  9200 | D:10     | Mangled by Snorg

Vanquished Creatures
  Fannar (D:10)
  2 two-headed ogres (D:8)
  A kobold demonologist (D:9)
  A komodo dragon (D:8)
  Sigmund (D:5)
  3 yaks (D:9)
  A wyvern (D:9)
  A wraith (D:9)
  A steam dragon (D:6)
  2 water moccasins
  A sky beast (D:8)
  5 orc warriors
  Pargi (Sewer)
  3 ice beasts
  3 black bears
  4 ogres
  2 centaurs
  2 phantoms
  2 kobold brigands
  6 elf zombies (Ossuary)
  2 bullfrogs (D:6)
  A gnoll sergeant (D:8)
  4 scorpions
  2 necrophages (D:5)
  14 wights
  A killer bee (D:6)
  3 howler monkeys
  3 centaur zombies (Ossuary)
  6 hounds
  6 orc priests
  3 human zombies (Ossuary)
  2 jellies
  5 iguanas
  6 orc wizards
  3 mummies (Ossuary)
  10 adders
  13 gnolls
  A shadow imp (D:6)
  4 white imps
  4 worms
  4 dart slugs
  44 orcs
  12 endoplasms
  14 giant cockroaches
  7 goblins
  6 hobgoblins
  6 jackals
  A quokka (D:3)
  10 ball pythons
  6 bats
  2 frilled lizards (Sewer)
  17 kobolds
  3 rats
  A spectral hobgoblin (D:3)
269 creatures vanquished.

Vanquished Creatures (others)
  A centaur zombie (D:8)
  An orc wizard (D:6)
  An adder (D:6)
  9 orc zombies
  6 plants (D:8)
18 creatures vanquished.

Grand Total: 287 creatures vanquished

Table legend: (Time is in decaauts)
 A = Elapsed time spent in this place.
 B = Non-inter-level travel time spent in this place.
 C = Inter-level travel time spent in this place.
 D = Time resting spent in this place.
 E = Time spent auto-exploring this place.
 F = Levels seen in this place.
 G = Mean time per level.
                   A        B        C        D        E       F      G
               +--------+--------+--------+--------+--------+-----+--------+
         Total |   9114 |   8802 |    312 |    625 |   6578 |  12 |  759.5 |
       Dungeon |   8694 |   8382 |    312 |    525 |   6370 |  10 |  869.4 |
         Sewer |    119 |    119 |      0 |      0 |     72 |   1 |  119.0 |
       Ossuary |    300 |    300 |      0 |    100 |    136 |   1 |  300.0 |
               +--------+--------+--------+--------+--------+-----+--------+

Top non-repeatable levels by time:
     D:6: 1421 daAuts
     D:1: 1099 daAuts
     D:9: 995 daAuts
     D:4: 961 daAuts
     D:3: 862 daAuts
     D:5: 804 daAuts
     D:2: 723 daAuts
     D:8: 694 daAuts
     D:7: 592 daAuts
    D:10: 539 daAuts
 Ossuary: 300 daAuts
   Sewer: 119 daAuts

Table legend:
 A = Non-vault XP
 B = Vault XP
 C = Vault XP percentage of total XP
 D = Non-vault monster count
 E = Vault monster count
 F = Vault count percentage of total count
                 A         B        C        D         E       F
            +---------+---------+-------+---------+---------+-------
      Total |    8602 |    3820 |  30.8 |     203 |      67 |  24.8
            +---------+---------+-------+---------+---------+-------
        D:1 |      60 |       0 |   0.0 |      31 |       0 |   0.0
        D:2 |      94 |       0 |   0.0 |      24 |       0 |   0.0
        D:3 |     152 |       3 |   1.9 |      11 |       2 |  15.4
        D:4 |     551 |       0 |   0.0 |      30 |       0 |   0.0
        D:5 |     873 |     210 |  19.4 |      15 |       1 |   6.2
        D:6 |    1055 |     735 |  41.1 |      19 |      16 |  45.7
        D:7 |     592 |       0 |   0.0 |      21 |       0 |   0.0
        D:8 |    2778 |     388 |  12.3 |      27 |       2 |   6.9
        D:9 |    1746 |     528 |  23.2 |      13 |      22 |  62.9
       D:10 |     701 |     891 |  56.0 |      12 |       1 |   7.7
      Sewer |       0 |     165 | 100.0 |       0 |       8 | 100.0
    Ossuary |       0 |     900 | 100.0 |       0 |      15 | 100.0
            +---------+---------+-------+---------+---------+-------
